 Dungeon Crawl Stone Soup version 0.31.0-12-g77e489cdc1 (webtiles) character file.

Game seed: 15206190592756868712

73 ChrisAssaf the Digger (level 4, -3/31 HPs)
             Began as a Human Earth Elementalist on Feb 15, 2024.
             Slain by a water moccasin (5 damage)
             ... on level 3 of the Dungeon.
             The game lasted 00:03:32 (684 turns).

ChrisAssaf the Digger (Human Earth Elementalist)     Turns: 684, Time: 00:03:32

Health: -3/31      AC:  2    Str:  8    XL:     4   Next: 27%
Magic:  1/7        EV: 12    Int: 18    God:
Gold:   3          SH:  0    Dex: 13    Spells: 1/8 levels left

rFire   . . .        d - +0 dagger
rCold   . . .        (no shield)
rNeg    . . .        a - +0 robe
rPois   .            (no helmet)
rElec   .            (no cloak)
rCorr   .            (no gloves)
SInv    .            (no boots)
Will    .....        (no amulet)
Stlth   ++           (no ring)
HPRegen 0.25/turn    (no ring)
MPRegen 0.10/turn

%: no passive effects
@: lethally poisoned (-3 -> -6)
A: explore regen
a: no special abilities


You were on level 3 of the Dungeon.
You visited 1 branch of the dungeon, and saw 3 of its levels.

You collected 3 gold pieces.

Inventory:

Hand Weapons
 d - a +0 dagger (weapon)
Missiles
 e - 3 atropa-tipped darts
Armour
 a - a +0 robe (worn)
Potions
 b - a potion of brilliance


   Skills:
 * Level 0.4 Fighting
 * Level 0.8 Short Blades
 * Level 0.3 Throwing
 * Level 0.5 Armour
 * Level 2.2 Dodging
 * Level 2.2 Stealth
 * Level 2.5 Spellcasting
 * Level 1.3 Conjurations
 * Level 3.7 Earth Magic


You had one spell level left.
You knew the following spells:

 Your Spells              Type           Power      Damage    Failure   Level
a - Sandblast             Erth           30%        2d9       3%          1
b - Stone Arrow           Conj/Erth      22%        3d8       19%         3
c - Passwall              Erth           15%        N/A       11%         3

Your spell library contained the following spells:

 Spells                   Type           Power      Damage    Failure   Level
 Brom's Barrelling Bould  Conj/Erth      11%        2d3       52%         4
 Petrify                  Alch/Erth      8%         N/A       63%         4


Dungeon Overview and Level Annotations

Branches:
Dungeon (3/15)

Altars:


Innate Abilities, Weirdness & Mutations

You regain HP and MP as you explore.


Message History

The water moccasin poisons you! The water moccasin bites you.
Unknown command.
Okay, then.
Casting: Stone Arrow (quite dangerous; 19% risk of failure)
Confirm with . or Enter, or press ? or * to list all spells.
Aiming: Sandblast (safe; 3% risk of failure)
Press: ? - help, Shift-Dir - straight line, f/p - water moccasin
Aim: a water moccasin (70% to hit)
The blast of sand hits the water moccasin but does no damage.
You feel very sick. The water moccasin bites you!
* * * LOW HITPOINT WARNING * * *
You are more poisoned.
The water moccasin poisons you! The water moccasin barely misses you.
It was a potion of heal wounds.
You feel much better.
You feel very sick. The water moccasin bites you.
You aren't carrying any scrolls.
Unknown command.
You barely miss the water moccasin.
You feel very sick. The water moccasin barely misses you.
The water moccasin closely misses you.
You hit the water moccasin but do no damage.
You feel very sick.
The water moccasin bites you but does no damage.
You hit the water moccasin.
The water moccasin is lightly wounded.
You feel sick. The water moccasin bites you.
* * * LOW HITPOINT WARNING * * *
Unknown command.
* * * LOW HITPOINT WARNING * * *
You feel sick. The water moccasin barely misses you.
* * * LOW HITPOINT WARNING * * *
You feel sick.
Your magical contamination has completely faded away.
* * * LOW HITPOINT WARNING * * *
You feel sick.
The water moccasin attacks as it pursues you!
The water moccasin bites you.
You die...

# #...#..#.# #
# .......#.# #
.......#.# #
.........#
####.#
#...#.#..#
.....#
#........## #
..####
##.##.#.#.##.#
#.# #
#...).....#
#.#
##.#@#.####
#.# ##.S.##
#.# ##.## #.#
#K# #.# #####
#.# #.#
......#.## ).#
#....# ###
#...[# #
#....#


You could see a water moccasin and a kobold.

Vanquished Creatures
  Natasha (D:2)
  3 adders (D:3)
  3 dart slugs
  An endoplasm (D:3)
  A giant cockroach (D:1)
  2 goblins (D:1)
  A hobgoblin (D:1)
  3 ball pythons
  2 bats
  A frilled lizard (D:3)
  2 kobolds
20 creatures vanquished.

Notes
Turn   | Place    | Note
-------+----------+-------------------------------------------
     0 | D:1      | ChrisAssaf the Human Earth Elementalist began the quest for
                  | the Orb.
     0 | D:1      | Reached XP level 1. HP: 13/13 MP: 3/3
   235 | D:1      | Reached XP level 2. HP: 19/19 MP: 3/5
   276 | D:2      | Noticed Natasha
   284 | D:2      | Killed Natasha
   285 | D:2      | Reached XP level 3. HP: 17/25 MP: 3/6
   289 | D:2      | Learned a level 3 spell: Stone Arrow
   550 | D:3      | Reached XP level 4. HP: 12/31 MP: 1/7
   658 | D:3      | Learned a level 3 spell: Passwall
   671 | D:3      | Noticed a water moccasin
   684 | D:3      | Slain by a water moccasin

Illustrated notes

Levels and vault maps discovered:
D:1:      minmay_arrival_diagonal_passages, layout_basic
D:2:      layout_rooms, uniq_robin, uniq_natasha
D:3:      layout_loops_ring

Action                     |  1- 3 |  4- 6 || total
---------------------------+-------+-------++-------
  Melee: Dagger            |    24 |    11 ||    35
         Punch             |       |     1 ||     1
   Cast: Sandblast         |    19 |     2 ||    21
         Stone Arrow       |     3 |     1 ||     4
    Use: Potion            |     4 |     1 ||     5
   Stab: Sleeping          |     2 |       ||     2
 Armour: Robe              |    29 |    15 ||    44
  Dodge: Dodged            |    31 |    13 ||    44
